[Event "Team 45 45 League T30"]
[Site "Internet Chess Club"]
[Date "2006.04.09"]
[Round "3"]
[White "PLB43"]
[Black "t-hobbes"]
[Result "1-0"]
[WhiteElo "1391"]
[BlackElo "1310"]
[TimeControl "2700+45"]

1. e4 e5 2. f4 Bd6 3. Nf3 Nc6 4. c3 Nf6 5. Bd3 O-O 6. O-O Bc5+ 7. Kh1 exf4 8.
Bc2 Re8 9. d3 d5 10. Qe1 b6 11. Bxf4 Ba6 12. e5 d4 13. a3 Ng4 14. b4 Bd6 15.
cxd4 Bf8 16. Qc3 Bb7 17. Nbd2 a5 18. b5 Ne7 19. Bb3 Bd5 20. Bc4 Nf5 21. Rae1 c5
22. Bxd5 Qxd5 23. Re4 cxd4 24. Nxd4 Rac8 25. Nc4 Nxd4 26. Rxd4 Qc5 27. Re4 Qe7
28. Bg3 Qg5 29. Qd4 Bc5 30. Rxg4 Qh5 31. Qe4 Qh6 32. Qf5 Rf8 33. Bf4 Qe6 34. Qg5
g6 35. h3 Rcd8 36. Qh6 Rxd3 37. Rh4 Rfd8 38. Qxh7+ Kf8 39. Qh8+ Ke7 40. Bg5+ f6
41. Bxf6+ Kd7 42. Qxd8# {Black checkmated} 1-0  aics%

[Event "Team 45 45 League T30"]
[Site "Internet Chess Club"]
[Date "2006.04.11"]
[Round "3"]
[White "Rubacchus"]
[Black "nodakindy"]
[Result "0-1"]
[WhiteElo "1285"]
[BlackElo "1232"]
[TimeControl "2700+45"]

1. d4 d5 2. e4 dxe4 3. Nc3 Nf6 4. f3 exf3 5. Nxf3 e6 6. Bd3 Bb4 7. Bd2 Bxc3 8.
bxc3 O-O 9. O-O b6 10. Qe1 Bb7 11. Qh4 Nbd7 12. Ng5 h6 13. Rf3 Bxf3 14. Nxf3 c5
15. Rf1 Re8 16. g4 e5 17. Nxe5 Nxe5 18. dxe5 Rxe5 19. g5 Nh7 20. Rxf7 Kxf7 21.
g6+ Kg8 22. gxh7+ Kh8 23. Qg3 Qd5 24. h4 Re6 25. Bg6 Qxd2 26. Kf1 Qe2+ 27. Kg1
Rd8 28. Bd3 Qd1+ 29. Kh2 Re1 30. Qc7 Rde8 31. Qf7 Qd2+ 32. Kg3 R1e3+ 33. Kg4
Qg2+ 34. Kh5 R3e5+ 35. Bf5 Qf3+ 36. Kg6 Qg3+ 37. Kh5 Rxf5+ 38. Qxf5 Re5 39. Qxe5
Qxe5+ 40. Kg6 Qf6+ 41. Kh5 Kxh7 42. Kg4 Qxc3 {White resigns} 0-1  aics%

[Event "Team 45 45 League T30"]
[Site "Internet Chess Club"]
[Date "2006.04.08"]
[Round "3"]
[White "carolinaknight"]
[Black "Orforded"]
[Result "1-0"]
[WhiteElo "1192"]
[BlackElo "1138"]
[TimeControl "2700+45"]

1. e4 e5 2. Nf3 Nc6 3. Bc4 h6 4. O-O Nf6 5. Nc3 a6 6. d3 b5 7. Bb3 Nd4 8. Nxd4
exd4 9. Nd5 c6 10. Nf4 a5 11. c3 dxc3 12. e5 cxb2 13. Bxb2 a4 14. Bc2 Nd5 15.
Qf3 Qg5 16. Bc1 Bc5 17. Ne6 Qxe5 18. Nxc5 Qxa1 19. Re1+ Ne7 20. a3 Qc3 21. Qe3
Qxc5 22. Qxc5 O-O 23. Qxe7 d5 24. d4 Bg4 25. Qh4 Rfe8 26. Rxe8+ Rxe8 27. h3 Be2
28. Qg3 Re6 29. Qb8+ Re8 30. Qxe8# {Black checkmated} 1-0  aics%

[Event "Team 45 45 League T30"]
[Site "Internet Chess Club"]
[Date "2006.04.07"]
[Round "3"]
[White "twinders"]
[Black "martineden"]
[Result "0-1"]
[WhiteElo "1678"]
[BlackElo "1920"]
[TimeControl "2700+45"]

1. d4 d5 2. c4 e6 3. Nc3 Nf6 4. Nf3 Ne4 5. Bf4 Bb4 6. Qc2 Bxc3+ 7. bxc3 g5 8.
cxd5 exd5 9. Be3 Nd7 10. g3 Nb6 11. Bg2 Nc4 12. Bc1 Bf5 13. Qb3 O-O 14. O-O Rb8
15. Rd1 Re8 16. e3 Qf6 17. Nd2 Nexd2 18. Bxd2 c6 19. Bc1 Qg6 20. Bf1 Bc2 21. Qb4
Bxd1 22. Bxc4 dxc4 23. Qxc4 Qe6 24. Qd3 Bf3 25. Qf1 Bd5 26. a4 Qe4 27. f3 Qxf3
28. Qxf3 Bxf3 29. Kf2 Bd5 30. a5 Kg7 31. Ba3 Re6 32. Bc5 b6 33. axb6 axb6 34.
Rb1 Ra8 35. Rxb6 Ra2+ {White resigns} 0-1  aics%

[Event "Team 45 45 League T30"]
[Site "Internet Chess Club"]
[Date "2006.04.06"]
[Round "3"]
[White "Kaseirovski"]
[Black "Aquaman"]
[Result "1-0"]
[WhiteElo "1683"]
[BlackElo "1565"]
[TimeControl "2700+45"]

1. e4 d5 2. exd5 Qxd5 3. Nf3 Nf6 4. Nc3 Qa5 5. Be2 Bf5 6. O-O e6 7. d4 c6 8. Bd2
Qd8 9. Re1 Be7 10. Bg5 Nbd7 11. Bd3 Bxd3 12. Qxd3 O-O 13. Ne4 h6 14. Bh4 Nd5 15.
Bg3 N7f6 16. c3 Nh5 17. Be5 f6 18. Bg3 Nxg3 19. Nxg3 Nc7 20. Nh5 e5 21. Qg6 Rf7
22. dxe5 Ne6 23. exf6 Nf8 24. fxe7 Rxe7 25. Qg3 Qe8 26. Nf6+ Kh8 27. Nxe8 Raxe8
28. Rxe7 Rxe7 29. Re1 Rd7 30. Qh3 Kg8 {Black resigns} 1-0  aics%

[Event "Team 45 45 League T30"]
[Site "Internet Chess Club"]
[Date "2006.04.07"]
[Round "3"]
[White "Kingsindanger"]
[Black "tryanything"]
[Result "1-0"]
[WhiteElo "1403"]
[BlackElo "1526"]
[TimeControl "2700+45"]

1. e4 e5 2. Nf3 Nc6 3. d4 exd4 4. Nxd4 Nxd4 5. Qxd4 d5 6. exd5 Nf6 7. Bg5 Be7 8.
Bb5+ c6 9. dxc6 bxc6 10. Qxd8+ Kxd8 11. Bxc6 Rb8 12. b3 Rb6 13. Bf3 Re6+ 14. Be3
Bc5 15. Ke2 Ba6+ 16. c4 Rhe8 17. Rd1+ Kc7 18. Rd3 g5 19. Kd2 Bxe3+ 20. fxe3 g4
21. Be2 Ne4+ 22. Kc2 h5 23. Nc3 Nf2 24. Rd4 Bb7 25. Rf4 Ne4 26. Rxf7+ Kb8 27.
Nd5 Bxd5 28. cxd5 Rc8+ 29. Bc4 Ree8 30. Kd3 Nd6 31. Rh7 Re5 32. Rf1 Rce8 33. Re1
a5 34. Rh6 Rxe3+ 35. Rxe3 Rxe3+ 36. Kxe3 Nf5+ 37. Ke4 Nxh6 38. Kf4 Kc8 39. Kg5
Nf7+ 40. Kxh5 Kd7 41. Kxg4 Kd6 42. h4 Ne5+ 43. Kg5 Nf7+ 44. Kf4 Ne5 45. g4 a4
46. h5 {Black resigns} 1-0  aics%

[Event "Team 45 45 League T30"]
[Site "Internet Chess Club"]
[Date "2006.04.09"]
[Round "3"]
[White "Fineas-Fogg"]
[Black "PawnSensei"]
[Result "0-1"]
[WhiteElo "1353"]
[BlackElo "1410"]
[TimeControl "2700+45"]

1. e4 e5 2. Nf3 Nc6 3. Bb5 a6 4. Bxc6 dxc6 5. O-O Qd6 6. d4 Bg4 7. dxe5 Bxf3 8.
Qxf3 Qxe5 9. Nc3 Bd6 10. g3 f6 11. Bf4 Qe6 12. Rfe1 O-O-O 13. a3 g5 14. Bxd6
cxd6 15. Rad1 Ne7 16. Na4 h5 17. Qc3 Kb8 18. Nb6 h4 19. Qc4 Qh3 20. Qf1 hxg3 21.
Qxh3 gxf2+ 22. Kxf2 Rxh3 23. Kg2 Rdh8 24. Rh1 Re3 25. Nd7+ Kc7 26. Nxf6 Re2+ 27.
Kg3 Rxc2 28. e5 d5 29. Rb1 Ng6 30. Ng4 Re2 31. Rhe1 Rxe1 32. Rxe1 d4 33. e6 d3
34. Rd1 Rd8 35. Nf6 c5 36. Ne4 Rd5 37. Kg4 Re5 38. Nxg5 c4 39. h4 Re2 40. h5 Ne7
41. h6 Rg2+ 42. Kh5 Rh2+ 43. Kg4 Rxh6 44. Kf4 Rh5 45. Ne4 Nd5+ 46. Kg4 Ne3+
{White resigns} 0-1  aics%

[Event "Team 45 45 League T30"]
[Site "Internet Chess Club"]
[Date "2006.04.10"]
[Round "3"]
[White "burnsja2003"]
[Black "MoluscoGrotesco"]
[Result "0-1"]
[WhiteElo "1715"]
[BlackElo "1871"]
[TimeControl "2700+45"]

1. d4 Nf6 2. c4 e6 3. Bg5 Be7 4. Nf3 O-O 5. e3 d5 6. Bd3 Nbd7 7. O-O a5 8. Nc3
b6 9. Rc1 Ba6 10. cxd5 Bxd3 11. Qxd3 Nxd5 12. Bxe7 Nxe7 13. Rfd1 Nf6 14. e4 Rc8
15. e5 Nfd5 16. Ng5 Ng6 17. Nf3 h6 18. a3 Nxc3 19. Rxc3 Nf4 20. Qe4 Nd5 21. Rcd3
Qe7 22. Nd2 f5 23. exf6 Rxf6 24. g3 Rcf8 25. Rf1 Qf7 26. f3 h5 27. Nc4 Qg6 28.
Qxg6 Rxg6 29. Ne5 Rg5 30. Kg2 Nf4+ 31. Kf2 Nxd3+ 32. Nxd3 Rd8 33. Ke3 Rgd5 34.
Nf4 Rb5 35. Rf2 e5 36. dxe5 Rxe5# {White checkmated} 0-1  aics%

[Event "Team 45 45 League T30"]
[Site "Internet Chess Club"]
[Date "2006.04.09"]
[Round "3"]
[White "kamu"]
[Black "Smart"]
[Result "1/2-1/2"]
[WhiteElo "1607"]
[BlackElo "1578"]
[TimeControl "2700+45"]

1. e4 c5 2. Nc3 d6 3. f4 Nc6 4. Nf3 e6 5. Bc4 Na5 6. d3 a6 7. a4 Be7 8. O-O Nf6
9. Ba2 O-O 10. Qe1 Ne8 11. Qg3 Kh8 12. f5 Nc7 13. Bh6 gxh6 14. Qh3 Bg5 15. Nxg5
Qxg5 16. Rf3 Rg8 17. Rg3 Qf6 18. Rxg8+ Kxg8 19. Rf1 Qg5 20. Rf3 Kh8 21. Rg3 Qf6
22. Rg4 Bd7 23. Rh4 Rg8 24. Rxh6 Qd4+ 25. Kf1 Rg7 26. Qh4 exf5 27. Qd8+ Rg8 28.
Qxd7 Ne6 29. Bxe6 Qg7 30. Qxf7 Qxg2+ 31. Ke1 Qg1+ 32. Kd2 Qg5+ 33. Kd1 Qg1+
{Game drawn by mutual agreement} 1/2-1/2  aics%

[Event "Team 45 45 League T30"]
[Site "Internet Chess Club"]
[Date "2006.04.09"]
[Round "3"]
[White "QuaqQuao"]
[Black "pumba"]
[Result "1-0"]
[WhiteElo "1544"]
[BlackElo "1482"]
[TimeControl "2700+45"]

1. Nf3 Nf6 2. g3 e6 3. c4 d5 4. e3 c6 5. Nc3 Nbd7 6. cxd5 Nxd5 7. Bg2 N7f6 8.
O-O Qc7 9. d4 Bb4 10. Qd3 O-O 11. Bd2 Qa5 12. Nxd5 exd5 13. Bxb4 Qxb4 14. Nd2
Re8 15. a3 Qe7 16. h3 Qc7 17. Rac1 h5 18. Rfe1 g6 19. e4 dxe4 20. Nxe4 Nxe4 21.
Rxe4 Bf5 22. Rxe8+ Rxe8 23. Qd2 Kg7 24. Re1 Rxe1+ 25. Qxe1 Qd7 26. Qe5+ f6 27.
Qf4 g5 28. Qe3 Kf7 29. h4 Bh3 30. Bxh3 Qxh3 31. Qb3+ Kg6 32. Qg8+ Kh6 33. hxg5+
fxg5 34. Qf8+ Kg6 35. Qe8+ Kf6 36. Qd8+ Kg6 37. Qe7 Qg4 38. Qxb7 Qd1+ 39. Kg2
Qxd4 40. Qxc6+ Kf5 41. Qc8+ Ke4 42. Qe8+ Kd3 43. Qg6+ Kc4 44. Qxg5 Qxb2 45. Qxh5
Qxa3 46. Qf7+ Kb5 47. Qb7+ Kc4 48. Qc6+ Kd4 49. Qf6+ Kc4 50. Qf4+ Kb5 51. Qe5+
Kc4 52. Qe4+ Kb5 53. Qd5+ Kb6 54. g4 a5 55. g5 Qa1 56. g6 Qa4 57. Qe6+ Kc5 58.
g7 {Black resigns} 1-0  aics%

[Event "Team 45 45 League T30"]
[Site "Internet Chess Club"]
[Date "2006.04.09"]
[Round "3"]
[White "Mississippian"]
[Black "fibin"]
[Result "1-0"]
[WhiteElo "1409"]
[BlackElo "1419"]
[TimeControl "2700+45"]

1. e4 e5 2. Nf3 d6 3. d4 exd4 4. Nxd4 Nf6 5. Nc3 Bd7 6. Be3 Nc6 7. Be2 Be7 8. h3
Nxd4 9. Qxd4 Bc6 10. O-O-O a6 11. f4 O-O 12. Rhg1 Re8 13. g4 Bf8 14. Bf3 Qe7 15.
Bf2 g6 16. Bh4 Bg7 17. Rge1 Rad8 18. Bh1 a5 19. f5 Bh6+ 20. Kb1 g5 21. Bg3 Bg7
22. Qc4 Qf8 23. Nd5 b5 24. Nxf6+ Bxf6 25. Qxc6 b4 26. Qxc7 Re7 27. Qxa5 Ra8 28.
Qd5 Rea7 29. Qxd6 Be7 30. Qb6 Rxa2 31. Kc1 Ra1+ 32. Kd2 R1a6 33. Qe3 Ra2 34. e5
Rxb2 35. Bxa8 Qxa8 36. f6 Bf8 37. Qxg5+ Kh8 38. Qe3 b3 39. Rc1 Qg2+ 40. Re2 Qd5+
41. Qd3 Qa5+ 42. Kd1 bxc2+ 43. Rexc2 Rxc2 44. Qxc2 Qd5+ 45. Ke2 Qb5+ 46. Qc4
Qb2+ 47. Rc2 Qb7 48. h4 Qg2+ 49. Bf2 Qb7 50. g5 Qb8 51. Bd4 Qb7 52. Qc8 Qg2+ 53.
Bf2 Qe4+ 54. Kd1 Kg8 55. Qxf8+ {Black resigns} 1-0  aics%

[Event "Team 45 45 League T30"]
[Site "Internet Chess Club"]
[Date "2006.04.11"]
[Round "3"]
[White "parrot9"]
[Black "smitty120"]
[Result "1-0"]
[WhiteElo "1799"]
[BlackElo "1676"]
[TimeControl "2700+45"]

1. e4 e5 2. Nf3 Nc6 3. Bb5 a6 4. Ba4 Nf6 5. O-O Be7 6. Re1 b5 7. Bb3 O-O 8. a4
b4 9. c3 d6 10. h3 Bb7 11. d4 exd4 12. cxd4 Na5 13. Bc2 b3 14. Bd3 Rb8 15. Nc3
c5 16. Qe2 Qb6 17. e5 Bxf3 18. gxf3 dxe5 19. dxe5 Nd7 20. Nd5 Qe6 21. Nxe7+ Qxe7
22. Kh2 Nc6 23. Qe4 f5 24. Qxc6 Rb6 25. Qd5+ Re6 26. Bc4 Re8 27. Qd3 Qh4 28.
Bxe6+ Rxe6 29. Be3 Nxe5 30. Qxf5 {Black resigns} 1-0  aics%

[Event "Team 45 45 League T30"]
[Site "Internet Chess Club"]
[Date "2006.04.10"]
[Round "3"]
[White "MrLee"]
[Black "twintower"]
[Result "0-1"]
[WhiteElo "1758"]
[BlackElo "1626"]
[TimeControl "2700+45"]

1. Nf3 Nc6 2. c4 e5 3. d4 exd4 4. Nxd4 Nxd4 5. Qxd4 Nf6 6. Bg5 Be7 7. Nc3 O-O 8.
e3 c6 9. Bd3 Qb6 10. Qxb6 axb6 11. O-O d6 12. Ne4 Be6 13. Nxf6+ gxf6 14. Bh6
Rfd8 15. Bf4 Ra5 16. a3 Rda8 17. Rfd1 Ra4 18. Rac1 d5 19. cxd5 Bxd5 20. Bc2 R4a5
21. Rd2 Rc5 22. Rcd1 Rxc2 23. Rxc2 Bb3 24. Rcd2 Bxd1 25. Rxd1 Rd8 26. Rxd8+ Bxd8
27. Kf1 Kf8 28. Ke2 Ke7 29. Kd3 Ke6 30. b3 f5 31. a4 Kd5 32. Bh6 Be7 33. Bg7 f6
34. h3 Kc5 35. Kc3 b5 36. b4+ Kb6 37. a5+ Ka6 38. Bh8 b6 39. axb6 Kxb6 40. Bg7
c5 41. bxc5+ Kxc5 42. Kb3 Kd5 43. Kc3 b4+ 44. Kb3 Ke4 45. Bh6 Kd3 46. f3 Bc5 47.
Bf4 Bxe3 48. Bd6 Bd2 49. Be7 Bc3 50. Bc5 Ke2 51. h4 Kf1 52. g4 Kg2 53. gxf5 Kxf3
54. h5 Kg4 55. h6 Kxf5 56. Be3 Ke4 {White resigns} 0-1  aics%

[Event "Team 45 45 League T30"]
[Site "Internet Chess Club"]
[Date "2006.04.07"]
[Round "3"]
[White "boozehound"]
[Black "BorgCollective"]
[Result "0-1"]
[WhiteElo "1571"]
[BlackElo "1778"]
[TimeControl "2700+45"]

1. e4 d5 2. exd5 Nf6 3. Nc3 Nxd5 4. g3 Nxc3 5. bxc3 e5 6. Bg2 Nc6 7. Rb1 Qf6 8.
Ne2 Bc5 9. O-O O-O 10. Bb2 Bg4 11. h3 Bf3 12. d3 Bb6 13. Qd2 Rad8 14. c4 Rfe8
15. Nf4 Bxg2 16. Nxg2 Bd4 17. Ne3 e4 18. Ng4 Qg6 19. c3 e3 20. Qc2 Bb6 21. Bc1
exf2+ 22. Rxf2 Bxf2+ 23. Qxf2 Qxd3 24. Rb2 Qd1+ 25. Kh2 Qxc1 26. Rc2 Qd1 27. Qf5
Re2+ 28. Rxe2 Qxe2+ 29. Nf2 Ne5 30. Kg2 Nxc4 31. Qf4 Ne3+ 32. Kh2 Rd2 {White
resigns} 0-1  aics%

[Event "Team 45 45 League T30"]
[Site "Internet Chess Club"]
[Date "2006.04.08"]
[Round "3"]
[White "burgers"]
[Black "Invicta-Knight"]
[Result "1-0"]
[WhiteElo "1621"]
[BlackElo "1459"]
[TimeControl "2700+45"]

1. d4 Nf6 2. Bg5 d6 3. Bxf6 gxf6 4. e3 Bf5 5. Nf3 Bg4 6. Be2 Nd7 7. c4 c5 8. Nc3
Qb6 9. Qd2 cxd4 10. exd4 O-O-O 11. O-O Rg8 12. Rab1 Qa5 13. b4 Qh5 14. Qd3 Bf5
15. Qd1 Bxb1 16. Qxb1 Qg4 17. g3 Qh3 18. Rc1 Rg6 19. Bf1 Qg4 20. Bg2 Bh6 21. Rd1
e6 22. c5 d5 23. Nb5 Kb8 24. Nd6 Rg7 25. Qd3 Bf4 26. Nb5 a6 27. Nc3 Bc7 28. b5
Ba5 29. bxa6 Qf5 30. Qb5 b6 31. Na4 Qc2 32. Rb1 Ka7 33. Nxb6 Bxb6 34. cxb6+ Ka8
35. a4 Rgg8 36. a5 Nxb6 37. axb6 Rb8 38. b7+ {Black resigns} 1-0  aics%

[Event "Team 45 45 League T30"]
[Site "Internet Chess Club"]
[Date "2006.04.06"]
[Round "3"]
[White "Wheels"]
[Black "Chessnut"]
[Result "0-1"]
[WhiteElo "1542"]
[BlackElo "1940"]
[TimeControl "2700+45"]

1. e4 e5 2. Nf3 Nc6 3. Bb5 a6 4. Ba4 Nf6 5. d3 d6 6. c3 g6 7. Nbd2 Bg7 8. Nf1
O-O 9. Ng3 b5 10. Bc2 Be6 11. O-O Qe7 12. Re1 Rfd8 13. Be3 Ng4 14. Bd2 Rab8 15.
h3 Nf6 16. d4 Bd7 17. Bg5 h6 18. Be3 Na5 19. b3 Kh7 20. Qd2 c5 21. Rac1 Nb7 22.
Nh2 Rbc8 23. d5 c4 24. b4 a5 25. a3 Ra8 26. Ra1 Ra6 27. f4 Rda8 28. Qc1 axb4 29.
cxb4 exf4 30. Bxf4 Ne8 31. Ra2 Bc3 32. Re2 Bxb4 33. e5 dxe5 34. Rxe5 Qc5+ 35.
Be3 Qc7 36. Rh5 Bf8 37. Bxh6 Kg8 38. Qg5 Rxa3 39. Rxa3 Rxa3 40. Bxf8 Rxg3 41.
Ng4 Bxg4 42. hxg4 Qb6+ 43. Kf1 Qf6+ 44. Qxf6 Nxf6 45. Re5 Kxf8 46. Bd1 Nxg4 47.
Re4 Nf6 48. Rd4 Nd6 49. Kf2 Nfe4+ 50. Kf1 b4 51. Bc2 f5 52. Bb1 b3 53. Kg1 c3
54. Rd1 c2 {White resigns} 0-1  aics%

[Event "Team 45 45 League T30"]
[Site "Internet Chess Club"]
[Date "2006.04.09"]
[Round "3"]
[White "RingLord"]
[Black "fredd"]
[Result "1-0"]
[WhiteElo "1659"]
[BlackElo "1594"]
[TimeControl "2700+45"]

1. e4 e5 2. Nc3 Nf6 3. Bc4 Bc5 4. Nge2 d6 5. O-O O-O 6. d3 Nc6 7. Na4 Bb6 8.
Nxb6 axb6 9. a3 Re8 10. Ng3 Be6 11. Bb5 Rf8 12. Bxc6 bxc6 13. f4 exf4 14. Bxf4
d5 15. Bg5 Qd6 16. Bxf6 gxf6 17. Rxf6 dxe4 18. Nxe4 Qe5 19. Qc1 Bd5 20. Qg5+
Qxg5 21. Nxg5 Rae8 22. Kf2 Kg7 23. Rf4 c5 24. Ne4 f5 25. Ng3 Kg6 26. h4 Ra8 27.
Re1 Rae8 28. Rxe8 Rxe8 29. Rxf5 Be6 30. Rf4 h5 31. Ra4 Rf8+ 32. Ke3 Bd5 33. Ra7
Re8+ 34. Ne4 Re7 35. a4 Kf5 36. Kf3 Bxe4+ 37. dxe4+ Rxe4 38. Rxc7 Rf4+ 39. Ke3
Rxh4 40. b3 Re4+ 41. Kd3 Rg4 42. Rf7+ Ke6 43. Rf2 Ke5 44. c3 Rg3+ 45. Kc4 Ke4
46. Re2+ Re3 47. Rxe3+ Kxe3 48. Kb5 c4 49. bxc4 Kf2 50. Kxb6 h4 51. a5 Kxg2 52.
a6 h3 53. a7 h2 54. a8=Q+ Kg1 55. c5 Kf2 56. Qh1 Kg3 57. c6 {Black resigns} 1-0 
aics%

[Event "Team 45 45 League T30"]
[Site "Internet Chess Club"]
[Date "2006.04.08"]
[Round "3"]
[White "Zyme"]
[Black "jacknor"]
[Result "0-1"]
[WhiteElo "1455"]
[BlackElo "1541"]
[TimeControl "2700+45"]

1. d4 d5 2. c4 e6 3. Nc3 Be7 4. Nf3 Nf6 5. Bg5 h6 6. Bh4 O-O 7. Rc1 c6 8. e3
Nbd7 9. Bd3 dxc4 10. Bxc4 Nd5 11. Bxe7 Qxe7 12. O-O Nxc3 13. Rxc3 e5 14. Re1 e4
15. Nd2 Nf6 16. Bb3 Bg4 17. Qb1 Rae8 18. Bc2 Bh5 19. f3 exf3 20. Nxf3 Bxf3 21.
gxf3 Kh8 22. e4 Nd5 23. Rb3 Nf4 24. Kh1 Qd7 25. Qc1 Ne6 26. Rd3 Ng5 27. Rg1 Re6
28. d5 cxd5 29. Rxd5 Qc7 30. Rd7 Qxd7 31. f4 Nxe4 32. f5 Qc6 33. Rg2 Rf6 34. Qg1
Ng5 35. Bb3 Rxf5 36. Qc1 Qxc1+ {White resigns} 0-1  aics%

[Event "Team 45 45 League T30"]
[Site "Internet Chess Club"]
[Date "2006.04.08"]
[Round "3"]
[White "EyeAm"]
[Black "AlPearson"]
[Result "0-1"]
[WhiteElo "1267"]
[BlackElo "1408"]
[TimeControl "2700+45"]

1. e4 e6 2. d4 d5 3. exd5 exd5 4. c4 c6 5. Nc3 Nf6 6. Nf3 Be7 7. Be2 O-O 8. O-O
Re8 9. c5 b6 10. b4 bxc5 11. bxc5 Ba6 12. Bxa6 Nxa6 13. Qa4 Nb8 14. Ne5 Qc7 15.
Bf4 Nfd7 16. Nxc6 Qxc6 17. Bxb8 Qxa4 18. Nxa4 Raxb8 19. c6 Nb6 20. Nxb6 Rxb6 21.
Rac1 Rc8 22. c7 Rb7 {White resigns} 0-1  aics%

[Event "Team 45 45 League T30"]
[Site "Internet Chess Club"]
[Date "2006.04.07"]
[Round "3"]
[White "gule"]
[Black "Boromir"]
[Result "1-0"]
[WhiteElo "1900"]
[BlackElo "1886"]
[TimeControl "2700+45"]

1. d4 Nf6 2. c4 e6 3. Nc3 Bb4 4. Qc2 O-O 5. a3 Bxc3+ 6. Qxc3 Ne4 7. Qc2 f5 8.
Nf3 d6 9. g3 c5 10. e3 Nc6 11. Bg2 Qa5+ 12. Bd2 Nxd2 13. Qxd2 Qxd2+ 14. Kxd2 Rd8
15. Kc3 cxd4+ 16. exd4 Bd7 17. Rhe1 Rac8 18. b3 Na5 19. Nd2 d5 20. c5 Nc6 21. b4
b5 22. Nf3 h6 23. h4 Kf7 24. Bf1 Rb8 25. a4 a6 26. axb5 axb5 27. Ra6 Rb7 28.
Rxc6 Bxc6 29. Ne5+ Kf6 30. Nxc6 Ra8 31. Kb3 Ra6 32. Na5 {Black resigns} 1-0 
aics%

[Event "Team 45 45 League T30"]
[Site "Internet Chess Club"]
[Date "2006.04.09"]
[Round "3"]
[White "JohnnySP"]
[Black "bonecore"]
[Result "0-1"]
[WhiteElo "1763"]
[BlackElo "1676"]
[TimeControl "2700+45"]

1. e4 e6 2. d4 d5 3. e5 c5 4. c3 Ne7 5. Nf3 cxd4 6. cxd4 Nbc6 7. Bb5 Qc7 8. Bd2
Bd7 9. Bxc6 Nxc6 10. a3 Be7 11. h4 f6 12. Bc3 fxe5 13. Nxe5 Nxe5 14. dxe5 O-O
15. Bd4 Rf4 16. Nc3 Raf8 17. g3 Rxd4 18. Qxd4 Bc5 19. Nxd5 Qa5+ 20. Qc3 Bxf2+
21. Kd2 Qxd5+ 22. Qd3 Qxd3+ 23. Kxd3 Bb5+ 24. Kc2 Bxg3 25. Rag1 Rf2+ 26. Kb1
Bxe5 27. b3 Rb2+ 28. Kc1 {White resigns} 0-1  aics%

[Event "Team 45 45 League T30"]
[Site "Internet Chess Club"]
[Date "2006.04.08"]
[Round "3"]
[White "Ulrika"]
[Black "martineden"]
[Result "0-1"]
[WhiteElo "1608"]
[BlackElo "1925"]
[TimeControl "2700+45"]

1. Nf3 d5 2. c4 dxc4 3. Na3 c5 4. Nxc4 Nc6 5. g3 f6 6. Bg2 e5 7. d3 Be6 8. b3
Nge7 9. Bb2 Kf7 10. O-O b5 11. Ncxe5+ fxe5 12. Nxe5+ Nxe5 13. Bxa8 Qxa8 14. Bxe5
Bh3 15. f3 Bxf1 16. Kxf1 Nc6 17. Bb2 Bd6 18. Qd2 Re8 19. Kf2 Be5 20. Bxe5 Rxe5
21. e3 Qd8 22. a3 Rd5 23. Ke2 Ne5 24. d4 cxd4 25. Rd1 d3+ 26. Kf2 Rc5 27. Kf1
Rc2 28. Qb4 Rxh2 29. Qf4+ Qf6 30. Qxf6+ Kxf6 31. f4 Rh1+ {White resigns} 0-1 
aics%

[Event "Team 45 45 League T30"]
[Site "Internet Chess Club"]
[Date "2006.04.12"]
[Round "3"]
[White "pokerram"]
[Black "BorgCollective"]
[Result "0-1"]
[WhiteElo "1675"]
[BlackElo "1785"]
[TimeControl "2700+45"]

1. e4 d5 2. d4 dxe4 3. Nc3 Nf6 4. f3 exf3 5. Nxf3 Bg4 6. h3 Bh5 7. g4 Bg6 8. Ne5
e6 9. Nxg6 hxg6 10. Bf4 Bb4 11. a3 Bxc3+ 12. bxc3 Nd5 13. Qf3 Qf6 14. Bg2 Nxf4
15. Qxb7 Nxg2+ 16. Kd1 O-O 17. Qxg2 Nd7 18. h4 c5 19. g5 Qf4 20. Rf1 Qd6 21. Ke2
cxd4 22. cxd4 Qxd4 23. Rad1 Qc4+ 24. Ke1 Ne5 25. h5 Qh4+ 26. Rf2 Rad8 27. hxg6
fxg6 28. Rxd8 Rxd8 29. Kf1 Rd1+ 30. Ke2 Qh5+ 31. Rf3 Ra1 32. Qg3 Qh1 33. Rb3
Qd1+ 34. Ke3 Nc4+ 35. Kf4 e5+ 36. Ke4 Qd4+ 37. Kf3 Rf1+ 38. Kg2 Rg1+ {White
resigns} 0-1  aics%

[Event "Team 45 45 League T30"]
[Site "Internet Chess Club"]
[Date "2006.04.10"]
[Round "3"]
[White "fledermaus"]
[Black "Gandalf"]
[Result "1-0"]
[WhiteElo "2076"]
[BlackElo "1710"]
[TimeControl "2700+45"]

1. e4 c6 2. d4 d5 3. Nc3 dxe4 4. Nxe4 Bf5 5. Ng3 Bg6 6. h4 h6 7. Nf3 Nd7 8. h5
Bh7 9. Bd3 Bxd3 10. Qxd3 Qc7 11. Bd2 e6 12. O-O-O Ngf6 13. Ne4 O-O-O 14. g3 Nxe4
15. Qxe4 Bd6 16. c4 c5 17. Kb1 cxd4 18. Nxd4 Nc5 19. Qe2 a6 20. Nf3 Qc6 21. Rhe1
Be7 22. Ne5 Qb6 23. Bf4 Bf6 24. Nxf7 Rxd1+ 25. Rxd1 Rf8 26. Nd6+ Kb8 27. Ne4+
Ka8 28. Nxf6 gxf6 29. Bxh6 Rd8 30. Be3 Rxd1+ 31. Qxd1 Qc7 32. h6 Ne4 33. Qd4
{Black resigns} 1-0  aics%

[Event "Team 45 45 League T30"]
[Site "Internet Chess Club"]
[Date "2006.04.07"]
[Round "3"]
[White "camembert"]
[Black "Winclick"]
[Result "1-0"]
[WhiteElo "1923"]
[BlackElo "1755"]
[TimeControl "2700+45"]

1. d4 Nf6 2. c4 e6 3. Nc3 Bb4 4. e3 c5 5. Ne2 cxd4 6. exd4 O-O 7. a3 Be7 8. Nf4
d5 9. cxd5 Nxd5 10. Ncxd5 exd5 11. Be2 Nc6 12. O-O Bf5 13. Be3 Qd6 14. Qb3 Rfd8
15. Rfd1 Rac8 16. Nd3 Na5 17. Qb5 Nc4 18. Bf4 Qf6 19. Be5 Qc6 20. Qxc6 Rxc6 21.
b4 a5 22. b5 Re6 23. Nf4 Nxa3 24. Nxe6 fxe6 25. Rdc1 Rd7 26. Rc8+ Kf7 27. Rac1
Bf6 28. R1c7 Rxc7 29. Rxc7+ Kg6 30. Rxb7 Bxe5 31. dxe5 d4 32. Rd7 d3 33. Bxd3
Bxd3 34. Rxd3 Nxb5 35. Rb3 Nd4 36. Ra3 Nc6 37. Rc3 Nd4 38. Rc5 Nb3 39. Rb5 a4
40. Rb4 Nc5 41. Rc4 Nd3 42. Rxa4 Nxe5 43. Kf1 h6 44. Ke2 Kf5 45. h3 h5 46. Ke3
g5 47. Ra5 Kf6 48. Ke4 Nc4 49. Ra6 Ne5 50. Ra8 Nd7 51. Rd8 Ke7 52. Rh8 Nf6+ 53.
Ke5 Nd7+ 54. Kd4 Nf6 55. Ra8 Kf7 56. Ra7+ Kg6 57. Ke5 g4 58. h4 Nd5 59. g3 Nc3
60. Kxe6 Ne4 61. Ra2 Nc5+ 62. Kd5 Nd3 63. Kd4 Ne1 64. Ke4 Nf3 65. Ra6+ Kg7 66.
Kf5 Kh7 67. Ra3 Nd2 68. Rd3 Nc4 69. Kg5 Ne5 70. Ra3 {Black resigns} 1-0  aics%

[Event "Team 45 45 League T30"]
[Site "Internet Chess Club"]
[Date "2006.04.10"]
[Round "3"]
[White "Sean"]
[Black "Stav"]
[Result "0-1"]
[WhiteElo "1565"]
[BlackElo "1716"]
[TimeControl "2700+45"]

1. c4 c5 2. g3 Nf6 3. Bg2 e6 4. Nf3 d6 5. O-O Be7 6. Nc3 a6 7. d3 Qc7 8. Bf4 Nc6
9. e4 e5 10. Bc1 Bg4 11. h3 Bd7 12. a3 Nd4 13. Nxd4 cxd4 14. Nd5 Nxd5 15. cxd5
O-O 16. Kh2 f5 17. f3 Rac8 18. Kg1 Qc2 19. b4 Ba4 20. Qd2 Rc3 21. Qxc2 Bxc2 22.
Rf2 Bxd3 23. exf5 Bxf5 24. Bd2 Rc2 25. Rc1 Rfc8 26. Rxc2 Rxc2 27. Be1 Rc1 28.
Rf1 Bd3 29. Bd2 Rc2 30. Rf2 b5 31. Bf1 Bc4 32. Bxc4 bxc4 33. a4 c3 34. Be1 Rxf2
35. Kxf2 Kf8 36. Ke2 Ke8 37. Kd3 Kd8 38. Kc4 Kc7 39. a5 Kb7 40. Kd3 h6 41. Ke4
g6 42. Kd3 Bd8 43. Ke4 Kc8 44. Kd3 Kd7 45. Ke4 Ke7 46. h4 Kf6 47. g4 Kf7 48. Kd3
Kg7 49. Bf2 Kf6 50. Be1 Bc7 51. Bf2 Bb8 52. Be1 Ba7 53. Ke4 Bb8 54. Kd3 h5 55.
g5+ Kf5 56. Bg3 Bc7 57. Kc2 e4 58. fxe4+ Kxe4 59. Bf2 Kxd5 60. Kd3 c2 61. Kxc2
Kc4 62. Be1 d3+ 63. Kd1 d5 64. Kd2 Bd6 65. Ke3 Bxb4 66. Bxb4 Kxb4 67. Kxd3 Kc5
68. Kc3 d4+ 69. Kd3 Kd5 70. Kd2 Kc4 71. Kc2 d3+ 72. Kd2 Kd4 73. Kd1 Kc3 74. Kc1
Kb4 75. Kd2 Kxa5 76. Kxd3 Kb4 77. Kc2 a5 78. Kb2 a4 79. Ka2 a3 80. Kb1 Kc3 81.
Ka2 Kd3 82. Kxa3 Ke3 83. Kb3 Kf3 84. Kc3 Kg3 85. Kd3 Kxh4 86. Ke3 Kxg5 87. Kf3
Kf5 88. Kg3 g5 89. Kh3 Kf4 90. Kh2 Kf3 91. Kh3 g4+ 92. Kh2 Kf2 93. Kh1 Kg3 94.
Kg1 Kh3 95. Kh1 g3 96. Kg1 g2 97. Kf2 Kh2 98. Kf3 g1=R 99. Kf2 Rg8 100. Kf1 Rg7
101. Kf2 Rf7+ 102. Ke1 Kg2 103. Ke2 Re7+ 104. Kd3 Kf3 105. Kd4 Kf4 106. Kd5 Re1
107. Kd4 Rd1+ {White resigns} 0-1  aics%